 Dungeon Crawl Stone Soup version 0.28-a0-687-gb91baff9cc (webtiles) character file.

Game seed: 7892471906352484635

315 bande the Covered (level 6, -4/39 HPs)
             Began as a Gargoyle Fighter on Oct 20, 2021.
             Slain by a mummy (9 damage)
             ... on level 6 of the Dungeon.
             The game lasted 00:05:46 (3193 turns).

bande the Covered (Gargoyle Fighter)                Turns: 3193, Time: 00:05:47

Health: -4/39      AC: 11    Str: 20    XL:     6   Next: 44%
Magic:  6/6        EV:  9    Int:  9    God:
Gold:   128        SH:  4    Dex: 10    Spells: 5/5 levels left

rFire   . . .      SeeInvis .   a - +1 war axe
rCold   . . .      Faith    .   c - +0 buckler
rNeg    + . .      Spirit   .   b - +0 scale mail
rPois   ∞          Reflect  .   (no helmet)
rElec   +          Harm     .   (no cloak)
rCorr   .          Rampage  .   (no gloves)
Will    .....                   (no boots)
Stlth   ..........              (no amulet)
HPRegen 0.13/turn               (no ring)
MPRegen 0.10/turn               (no ring)

@: no status effects
A: sickness immunity, AC +4, negative energy resistance 1, electricity
resistance, torment resistance 1, petrification resistance
a: no special abilities


You were on level 6 of the Dungeon.
You visited 1 branch of the dungeon, and saw 4 of its levels.

You collected 128 gold pieces.

Inventory:

Hand Weapons
 a - a +1 war axe (weapon)
 e - a +2 flail of protection
 n - a +0 war axe
Armour
 b - a +0 scale mail (worn)
 c - a +0 buckler (worn)
Jewellery
 g - a ring of flight
Wands
 h - a wand of iceblast (18)
Scrolls
 m - a scroll of enchant weapon
Potions
 d - 2 potions of might
 j - a potion of brilliance {unknown}
 k - 2 potions of heal wounds
 l - a potion of curing


   Skills:
 + Level 4.3 Fighting
 + Level 4.1 Axes
 + Level 4.6 Armour
 - Level 0.1 Dodging
 + Level 4.0 Shields
 * Level 0.8 Evocations


You had 5 spell levels left.
You didn't know any spells.
Your spell library contained the following spells:

 Spells                   Type           Power      Damage    Failure   Level
 Blink                    Tloc           N/A        N/A       86%         2
 Ensorcelled Hibernation  Hex/Ice        0%         N/A       86%         2
 Lesser Beckoning         Tloc           0%         N/A       97%         3
 Tukima's Dance           Hex            0%         N/A       97%         3
 Manifold Assault         Tloc           0%         N/A       100%        5


Dungeon Overview and Level Annotations

Branches:
Dungeon (3/15)

Altars:

Shops:
D:1 (

Portals:
Ossuary: D:6


Innate Abilities, Weirdness & Mutations

You are immune to sickness and miasma.
Your stone body is resilient. (AC +4)
You are immune to poison.
You resist negative energy. (rN+)
You are resistant to electric shocks. (rElec)
You are resistant to unholy torment.
You are immune to petrification.


Message History

The white imp is almost dead.
The white imp barely misses you.
You barely miss the white imp.
The white imp is almost dead.
The white imp hits you but does no damage.
You block the white imp's attack.
You hit the white imp.
The white imp is almost dead.
The white imp hits you but does no damage.
You hit the white imp.
You kill the white imp!
h - a wand of iceblast (18) (gained 7 charges)
You hear the slow hiss of an avalanche of sand very nearby.
You open the door.
A mummy comes into view.
Found a sand-covered staircase.
There is an open door here.
The mummy hits you!
You hit the mummy.
The mummy is lightly damaged.
You barely miss the mummy.
The mummy is lightly damaged.
The mummy hits you.
* * * LOW HITPOINT WARNING * * *
You hit the mummy but do no damage.
The mummy is lightly damaged.
You block the mummy's attack.
You barely miss the mummy.
The mummy is lightly damaged.
The mummy hits you!
* * * LOW HITPOINT WARNING * * *
You barely miss the mummy.
The mummy is lightly damaged.
The mummy hits you but does no damage.
You hit the mummy.
The mummy is lightly damaged.
You slash the mummy!
The mummy is almost destroyed.
The mummy hits you!
You die...

#######..##
#.#.# ##.##
#.#.# #...#
#.#.#####
#.#..#
#.......#
#.##..#
###.###.#
#.###..# #.#
#.# ##.#.##..#
#.# #.#
#..#..##.....#
#.#
#..'@M∩##.####
#.# #..#..##
#.# #..#.##
#.# ##.### #.#
#.#
.########.#
#.#
..........#
#..
.##########
#..


You could see a mummy.

Vanquished Creatures
  A sky beast (D:3)
  An orc priest (D:3)
  Jessica (D:2)
  A centaur skeleton (D:3)
  An orc wizard (D:3)
  3 adders
  A white imp (D:6)
  2 worms (D:2)
  2 dart slugs
  7 orcs (D:3)
  5 ball pythons
  6 endoplasms
  3 giant cockroaches (D:1)
  6 goblins
  7 hobgoblins
  6 kobolds
  A quokka (D:2)
  5 bats
  2 frilled lizards
  9 rats
  A spectral kobold (D:1)
71 creatures vanquished.

Notes
Turn   | Place    | Note
-------+----------+-------------------------------------------
     0 | D:1      | bande the Gargoyle Fighter began the quest for the Orb.
     0 | D:1      | Reached XP level 1. HP: 14/14 MP: 1/1
    70 | D:1      | Reached XP level 2. HP: 18/19 MP: 2/2
   235 | D:1      | Found Limisopt's Antique Weapon Boutique.
   330 | D:1      | Found a faded altar of an unknown god.
   488 | D:1      | Reached XP level 3. HP: 20/24 MP: 3/3
   906 | D:1      | You fall into a shaft and drop 1 floor!
   922 | D:2      | Noticed Jessica
   927 | D:2      | Killed Jessica
   928 | D:2      | Reached XP level 4. HP: 29/29 MP: 4/4
  2134 | D:3      | Reached XP level 5. HP: 31/33 MP: 5/5
  2409 | D:3      | Noticed a sky beast
  2422 | D:3      | Killed a sky beast
  2423 | D:3      | Reached XP level 6. HP: 28/38 MP: 6/6
  3120 | D:3      | You fall into a shaft and drop 3 floors!
  3184 | D:6      | Found a sand-covered staircase.
  3193 | D:6      | Slain by a mummy

Illustrated notes

Levels and vault maps discovered:
D:1:      dpeg_arrival_prison, layout_rooms, serial_shops,
          nicolae_lakefront_shop, dreamdust_ecumenical_altar_drowned_temple,
          minmay_split_cup_large
D:2:      layout_basic, minmay_rat_gold_closets, uniq_jessica
D:3:      layout_loops_corners, kennysheep_generic_room_4
D:6:      layout_loops_ring, nicolae_gozag_cash_rules_everything_around_me,
          gup_ossuary_entry_pyramid, minmay_misc_feat_alley

Skill      XL: |  1  2  3  4  5  6 |
---------------+-------------------+-----
Axes           | 2 3 4 |  4.1
Fighting       | 4 |  4.3
Armour         | 4 |  4.6
Shields        | 4 |  4.0
Dodging        | |  0.1
Evocations     | |  0.8

Action                   |  1- 3 |  4- 6 || total
-------------------------+-------+-------++-------
Melee: War axe           |    64 |   160 ||   224
  Use: Scroll            |       |     8 ||     8
Armor: Scale mail        |    29 |    70 ||    99
Dodge: Dodged            |    30 |    64 ||    94
Block: Buckler           |    18 |    24 ||    42

Table legend: (Time is in decaauts)
 A = Elapsed time spent in this place.
 B = Non-inter-level travel time spent in this place.
 C = Inter-level travel time spent in this place.
 D = Time resting spent in this place.
 E = Time spent auto-exploring this place.
 F = Levels seen in this place.
 G = Mean time per level.
                   A        B        C        D        E       F      G
               +--------+--------+--------+--------+--------+-----+--------+
         Total |   3280 |   3280 |      0 |    270 |   2422 |   4 |  820.0 |
       Dungeon |   3280 |   3280 |      0 |    270 |   2422 |   4 |  820.0 |
               +--------+--------+--------+--------+--------+-----+--------+

Top non-repeatable levels by time:
     D:3: 1304 daAuts
     D:1: 1028 daAuts
     D:2: 869 daAuts
     D:6: 77 daAuts
